 Dungeon Crawl Stone Soup version 0.30.1-4-g462c640d31 (webtiles) character file.

Game seed: 2529954603947637081

37 Zeor the Ducker (level 3, -5/22 HPs)
             Began as a Deep Elf Monk on Aug 20, 2023.
             Slain by Sigmund
             ... wielding a +0 scythe
              (8 damage)
             ... on level 2 of the Dungeon.
             The game lasted 00:05:23 (1418 turns).

Zeor the Ducker (Deep Elf Monk)                     Turns: 1418, Time: 00:05:23

Health: -5/22      AC:  3    Str:  8    XL:     3   Next: 23%
Magic:  7/7        EV: 13    Int: 16    God:
Gold:   81         SH:  0    Dex: 17    Spells: 5/5 levels left

rFire   . . .        a - +3 short sword (flame)
rCold   . . .        d - orb {light}
rNeg    . . .        e - +0 leather armour
rPois   .            (no helmet)
rElec   .            (no cloak)
rCorr   .            (no gloves)
SInv    .            (no boots)
Will    .....        (no amulet)
Stlth   +            (no ring)
HPRegen 0.23/turn    (no ring)
MPRegen 0.10/turn

%: no passive effects
@: attractive, glowing, invisible (but backlit and visible) (expiring)
A: no striking features
a: no special abilities


You were on level 2 of the Dungeon.
You visited 1 branch of the dungeon, and saw 2 of its levels.

You collected 81 gold pieces.

Inventory:

Hand Weapons
 a - a +3 short sword of flaming (weapon)
 h - a +0 falchion
Missiles
 k - 6 silver boomerangs (quivered)
Armour
 d - an orb of light (worn)
 e - a +0 leather armour (worn)
 g - a +0 robe of willpower
Scrolls
 b - a scroll of magic mapping


   Skills:
 + Level 2.6 Fighting
 + Level 3.1 Long Blades
 + Level 4.1 Dodging
 * Level 1.6 Spellcasting


You had 5 spell levels left.
You didn't know any spells.
Your spell library was empty.

Dungeon Overview and Level Annotations

Branches:
Dungeon (2/15)

Altars:

Shops:
D:1 (

Annotations:
D:2 Sigmund


Message History

Your quokka dissolves into shadows!
The goblin hits you with a +0 dagger. Sigmund closely misses you.
The goblin hits you but does no damage.
You see here a scroll of identify.
You hit the goblin. You burn the goblin.
You kill the goblin!
Sigmund points at you and mumbles some strange words.
You resist with some effort. Sigmund is attracted toward you.
Sigmund closely misses you.
There is an open door, spattered with blood here.
You bump into the rock wall.
You hit Sigmund. You burn Sigmund.
Sigmund is moderately wounded.
Sigmund says, "Your kind have come here before.
I understand now why.
You desire death..."
Sigmund hits you but does no damage.
You closely miss Sigmund.
Sigmund is moderately wounded.
You closely miss Sigmund.
Sigmund is moderately wounded.
You feel less invigorated. Sigmund hits you with a +0 scythe!
Ouch! That really hurt!
You're too confused to move!
Sigmund hits you with a +0 scythe.
You barely miss Sigmund.
Sigmund is moderately wounded.
You hit Sigmund. You burn Sigmund.
Sigmund is moderately wounded.
Sigmund hits you with a +0 scythe!
* * * LOW HITPOINT WARNING * * *
You aren't carrying any potions.
You are too confused!
You bump into the rock wall.
You feel less confused. Sigmund barely misses you.
You hit Sigmund. You burn Sigmund.
Sigmund is heavily wounded.
You hit Sigmund. You burn Sigmund.
Sigmund is severely wounded.
You flicker for a moment.
Sigmund hits you with a +0 scythe!
You die...

▒∙∙∙▒∙▒∙∙∙∙∙∙∙∙∙∙∙░ ▒∙▒░
▒▒▒ ▒▒∙∙▒∙▒∙∙∙∙∙∙∙∙∙∙·░
▒∙▒░ ∙∙▒
▒)∙▒∙▒∙∙∙∙∙∙∙∙∙··░ ▒∙▒░
▒∙▒▒▒ ▒÷∙▒∙▒∙∙∙∙∙∙∙∙▒░░░
▒∙▒░
∙∙∙∙▒▒▒∙∙∙∙▒∙∙∙∙∙∙∙∙▒
▒∙▒░
∙∙∙∙'∙∙∙∙▒∙■∙∙∙∙∙∙∙∙▒
▒∙♣♣
∙∙∙∙▒▒▒▒▒▒∙▒∙∙∙∙∙∙∙∙▒
▒∙∙∙
∙∙∙∙▒▒▒▒▒▒■▒∙∙∙@?∙∙∙▒
▒▒▒▒▒▒'♣♣
∙∙∙∙∙∙∙∙∙∙∙∙∙∙▒▒e▒▒▒▒
▒∙∙∙∙∙∙♣♣
∙∙∙∙∙∙∙∙∙∙∙∙··░▒>▒▒
▒∙∙∙∙∙∙∙∙
∙∙∙∙∙∙∙∙∙∙∙····▒∙∙▒
▒∙∙∙∙∙∙∙∙
∙∙∙∙▒▒▒▒▒▒■░···▒▒∙▒
▒∙∙∙∙∙∙∙∙ ∙∙∙∙▒
░·░···░▒∙▒ ▒∙∙∙∙∙∙∙∙
∙∙∙▒▒
░∙▒▒▒▒▒▒∙▒▒▒▒▒▒▒▒▒▒▒▒'▒▒
∙∙∙▒
░∙∙∙∙∙∙∙∙∙∙∙∙∙∙∙∙∙▒▒▒'▒▒
∙∙∙▒
░▒▒▒▒▒▒▒▒∙▒▒▒▒▒▒▒∙∙∙∙∙∙∙
∙∙∙▒ ▒∙▒▒▒▒▒ ▒∙∙∙∙∙∙∙


You could see Sigmund.

Vanquished Creatures
  2 dart slugs
  2 bats (D:1)
  6 endoplasms (D:1)
  3 goblins (D:2)
  3 hobgoblins
  2 quokkas (D:1)
  2 ball pythons (D:2)
  3 frilled lizards (D:1)
  4 kobolds
  A rat (D:1)
28 creatures vanquished.

Vanquished Creatures (collateral kills)
  A dart slug (D:2)
  A bat (D:2)
2 creatures vanquished.

Grand Total: 30 creatures vanquished

Notes
Turn   | Place    | Note
-------+----------+-------------------------------------------
     0 | D:1      | Zeor the Deep Elf Monk began the quest for the Orb.
     0 | D:1      | Reached XP level 1. HP: 13/13 MP: 3/3
   146 | D:1      | Found a faded altar of an unknown god.
   383 | D:1      | Reached skill level 1 in Spellcasting
   407 | D:1      | Reached XP level 2. HP: 18/18 MP: 6/6
   608 | D:1      | Found a transporter.
   612 | D:1      | Found Mokudy Suic's Weapon Emporium.
   638 | D:1      | Found a transporter.
   831 | D:2      | Reached skill level 4 in Dodging
  1025 | D:2      | Reached XP level 3. HP: 18/22 MP: 7/7
  1399 | D:2      | Noticed Sigmund
  1418 | D:2      | Slain by Sigmund

Illustrated notes

Levels and vault maps discovered:
D:1:      tarquinn_simple_flora_water_d, layout_basic, serial_shops,
          nicolae_shop_drivethru, basic_ecumenical_altar, minmay_splitting_lines
D:2:      layout_basic, serial_forest, infiniplex_forest_lined_corner,
          infiniplex_forest_clump_long, infiniplex_forest_end_3,
          infiniplex_forest_lined_2, infiniplex_forest_zigzag_1,
          infiniplex_forest_lined_2, infiniplex_forest_zigzag_1,
          infiniplex_forest_zigzag_1, infiniplex_forest_lined_ring,
          infiniplex_forest_clump_long, minmay_misc_feat_encased, uniq_sigmund

Skill      XL: |  1  2 |
---------------+-------+-----
Spellcasting   | 1 |  1.6
Long Blades    | 3 |  3.1
Dodging        | 4 |  4.1
Fighting       | |  2.6

Action                     || total
---------------------------++-------
  Melee: Falchion          ||    43
         Short sword       ||    21
    Use: Scroll            ||     5
         Potion            ||     4
 Armour: Leather armour    ||    10
  Dodge: Dodged            ||    36
